 Dungeon Crawl Stone Soup version 0.29-a0-982-gaed3a0c8d8 (webtiles) character file.

Game seed: 14333664830427395119

21063 RevDB the Warrior (level 12, 0/130 HPs)
             Began as a Minotaur Fighter on July 29, 2022.
             Was a High Priest of Okawaru.
             Slain by an elephant (9 damage)
             ... on level 2 of the Lair of Beasts on Aug 1, 2022.
             The game lasted 01:53:28 (12377 turns).

RevDB the Warrior (Minotaur Fighter)               Turns: 12377, Time: 01:53:29

Health: 0/130      AC: 26    Str: 25    XL:     12   Next: 50%
Magic:  10/14      EV: 11    Int:  3    God:    Okawaru [*****.]
Gold:   1410       SH:  5    Dex: 17    Spells: 11/11 levels left

rFire   + . .      SeeInvis .   S - +3 morningstar (freeze)
rCold   . . .      Faith    +   c - +0 buckler
rNeg    . . .      Spirit   .   A - +1 chain mail {rF+}
rPois   .          Reflect  .   U - +2 hat
rElec   .          Harm     .   x - +2 cloak
rCorr   .          Rampage  .   l - +0 pair of gloves
Will    .....                   f - +0 pair of boots
Stlth   ..........              m - amulet of faith
HPRegen 0.31/turn               v - +4 ring of protection
MPRegen 0.14/turn               e - +6 ring of dexterity

@: studying Fighting
A: horns 2, retaliatory headbutt, claws 1, dopey 1, screaming 1
a: Renounce Religion, Heroism, Finesse, Duel


You were on level 2 of the Lair of Beasts.
You worshipped Okawaru.
Okawaru was extremely pleased with you.
You visited 3 branches of the dungeon, and saw 15 of its levels.
You also visited: Bailey.

You collected 1410 gold pieces.

Inventory:

Hand Weapons
 O - a +2 dire flail
 S - a +3 morningstar of freezing (weapon)
 W - a +1 demon whip of venom
Missiles
 g - 28 poisoned darts
 j - 159 stones
 p - 6 curare-tipped darts (quivered)
 C - 6 atropa-tipped darts
 H - 13 javelins
 L - 7 boomerangs
 R - 3 throwing nets
Armour
 c - a +0 buckler (worn)
 f - a +0 pair of boots (worn)
 l - a +0 pair of gloves (worn)
 x - a +2 cloak (worn)
 A - a +1 chain mail of fire resistance (worn)
 N - +0 acid dragon scales
 U - a +2 hat (worn)
Jewellery
 e - a +6 ring of dexterity (right hand)
 m - an amulet of faith (around neck)
 o - the amulet "Bomoeg" {Spirit rN+ Str+5}
   (You acquired it in a bailey)

   [amulet of guardian spirit]

   It causes incoming damage to be divided between your reserves of health and
   magic.
   Str:       It affects your strength (+5).
   rN:        It protects you from negative energy.
 v - a +4 ring of protection (left hand)
 M - a ring of poison resistance
Wands
 b - a wand of roots (16)
 r - a wand of polymorph (7)
 w - a wand of flame (26)
 z - a wand of paralysis (12)
 J - a wand of quicksilver (6)
 K - a wand of digging (7)
Scrolls
 i - 4 scrolls of enchant armour
 k - 5 scrolls of teleportation
 q - 2 scrolls of magic mapping
 t - 2 scrolls of enchant weapon
 y - 2 scrolls of silence {unknown}
 B - a scroll of torment {unknown}
 E - a scroll of butterflies {unknown}
 F - 3 scrolls of blinking {unknown}
 I - 2 scrolls of vulnerability {unknown}
 X - a scroll of brand weapon {unknown}
 Z - 3 scrolls of fear {unknown}
Potions
 a - 2 potions of berserk rage {unknown}
 d - 3 potions of might
 h - 4 potions of heal wounds
 s - 5 potions of curing
 u - a potion of resistance {unknown}
 D - 2 potions of haste {unknown}
 G - 2 potions of flight {unknown}
 T - a potion of attraction {unknown}
 V - a potion of invisibility
 Y - a potion of ambrosia {unknown}
Miscellaneous
 Q - a phial of floods


   Skills:
 - Level 19.0 Fighting
 - Level 13.0 Maces & Flails
 - Level 5.0 Throwing
 + Level 12.6 Armour
 - Level 5.0 Dodging
 - Level 1.3 Stealth
 - Level 4.0 Shields
 - Level 5.0 Invocations


You had 11 spell levels left.
You didn't know any spells.
Your spell library contained the following spells:

 Spells                   Type           Power      Damage    Failure   Level
 Magic Dart               Conj           0%         1d3       98%         1
 Necrotise                Necr           0%         1d4       98%         1
 Sandblast                Erth           0%         2d4       98%         1
 Passwall                 Tmut/Erth      0%         N/A       99%         2
 Scorch                   Fire           0%         2d5       99%         2
 Searing Ray              Conj           0%         2d4       99%         2
 Gell's Gravitas          Tloc           0%         N/A       100%        3
 Lesser Beckoning         Tloc           0%         N/A       100%        3
 Portal Projectile        Hex/Tloc       0%         N/A       100%        3
 Stone Arrow              Conj/Erth      0%         3d7       100%        3
 Teleport Other           Tloc           0%         N/A       100%        3
 Vampiric Draining        Necr           0%         2d6       100%        3
 Corpse Rot               Necr/Pois/Air  0%         N/A       100%        4
 Dispel Undead            Necr           0%         3d6       100%        4
 Flame Wave               Conj/Fire      0%         2d4       100%        4
 Fulminant Prism          Conj/Hex       0%         3d6       100%        4
 Leda's Liquefaction      Hex/Erth       0%         N/A       100%        4
 Agony                    Necr           0%         N/A       100%        5
 Blade Hands              Tmut           0%         N/A       100%        5
 Eringya's Noxious Bog    Tmut/Pois      0%         N/A       100%        6
 Chain Lightning          Conj/Air       0%         N/A       100%        9
 Fire Storm               Conj/Fire      0%         5d1       100%        9
 Shatter                  Erth           0%         3d5*      100%        9
 Call Canine Familiar     Summ           Unusable   N/A       N/A         3
 Tukima's Dance           Hex            Unusable   N/A       N/A         3
 Summon Forest            Summ/Tloc      Unusable   N/A       N/A         5
 Death Channel            Necr           Unusable   N/A       N/A         6
 Summon Cactus Giant      Summ           Unusable   N/A       N/A         6
 Summon Hydra             Summ           Unusable   N/A       N/A         7

Dungeon Overview and Level Annotations

Branches:
Dungeon (11/15)            Temple (1/1) D:6            Lair (3/5) D:10
  Swamp (0/4) Lair:3       Spider (0/4) Lair:3       Bailey (visited)
    Orc: D:9-12

Altars:
Ashenzari
Cheibriados
Dithmenos
Elyvilon
Fedhas
Gozag
Hepliaklqana
Kikubaaqudgha
Makhleb
Nemelex Xobeh
Okawaru
Qazlal
Ru
Sif Muna
Trog
Uskayaw
Vehumet
Wu Jian
Xom
Yredelemnul
Zin
The Shining One

Shops:
D:9 !**


Innate Abilities, Weirdness & Mutations

You have a pair of horns on your head.
You reflexively headbutt those who attack you in melee.
You have sharp fingernails.
You are dopey. (Int -2)
You occasionally shout uncontrollably at your foes.


Message History

You bludgeon the elephant!! You freeze the elephant.
The elephant is heavily wounded.
You block the elephant's attack. x2
You sock the elephant! You freeze the elephant. You headbutt the elephant.
The elephant is severely wounded.
The elephant tramples you.
* * * LOW HITPOINT WARNING * * *
You stumble backwards!
You sock the elephant! You freeze the elephant.
The elephant is almost dead.
The elephant closely misses you.
The elephant trunk-slaps you but does no damage.
You impale the elephant!! You freeze the elephant.
You kill the elephant!
Okawaru accepts your kill. Okawaru crowns you victorious!
An exit appears.
The spectator jeers noisily at you.
You start resting.
The spectator cheers repeatedly.
Okawaru bids you farewell from the Arena.
You start resting.
The spectator waves excitedly.
You are returned from the Arena.
Welcome back to the Lair of Beasts!
The killer bee stings you but does no damage.
There is a stone staircase leading down, spattered with blood here.
You closely miss the killer bee. You headbutt the killer bee!
The killer bee is severely wounded.
The killer bee stings you but does no damage.
You block the elephant's attack. The elephant barely misses you.
You block the komodo dragon's attack. The killer bee barely misses you.
You furiously retaliate!
You headbutt the killer bee. You barely miss the killer bee.
You headbutt the killer bee.
You kill the killer bee!
Okawaru accepts your kill. The elephant misses you.
The elephant trunk-slaps you but does no damage.
The komodo dragon bites you but does no damage.
You hit the komodo dragon but do no damage.
The elephant tramples you!
You die...

...#..#...##..##..##
..#...........#.#..#
##...#............###
##..##.⌠.⌠.##..##...#
.#..#.......#.....÷##
#
.'..#...<...#......##
##
.#..#..........#.#..#
#.
##...#.⌠.⌠.#...#.l..#
#####.
###..#.........#@†.##
#..#..
#...........#..Y..#
#.....
##.#....##..####..###
#..... ##.........##
#....# ###...#
#.#........# #..###
#...### #
#.##.^....##
##..######..#.# #
#####..#.##
#..##......### #
##.#.# #..........# #
#..## #........###


You could see an elephant and a komodo dragon.

Vanquished Creatures
  The ghost of JakeJacob the Fighter, a journeyman DrBe of Trog (Lair:2)
  4 hydras
  Sonja (D:10)
  An orc knight (Bailey)
  Pikel (D:6)
  3 elephants
  A black mamba (Lair:1)
  Joseph (D:7)
  4 cane toads
  Maggie (D:7)
  2 komodo dragons
  2 polar bears
  2 trolls
  5 blink frogs (Lair:2)
  Sigmund (D:4)
  A shadow (D:10)
  A basilisk (Lair:2)
  2 wyverns
  20 yaks
  Grum (Lair:1)
  A steam dragon (D:10)
  3 vampire mosquitoes (D:10)
  An acid dragon (D:10)
  6 water moccasins
  9 orc warriors (Bailey)
  A sky beast (D:7)
  An ice beast (D:5)
  An ogre (D:6)
  11 wolves
  3 black bears
  2 lemures (D:6)
  A centaur (D:9)
  3 kobold brigands
  9 bullfrogs
  2 scorpions
  5 necrophages
  A gnoll sergeant (D:10)
  4 wights (D:7)
  2 howler monkeys
  21 killer bees
  8 electric eels
  2 crimson imps
  A centaur zombie (D:7)
  A bullfrog zombie (D:7)
  4 orc priests
  6 hounds
  3 gnoll boudas
  A human zombie (D:7)
  3 orc wizards
  4 hell rats (Lair:1)
  A killer bee zombie (D:7)
  A howler monkey zombie (D:7)
  8 adders
  17 gnolls
  A shadow imp (D:7)
  A white imp (D:8)
  2 ufetubi
  2 worms
  A dart slug (D:1)
  33 orcs
  6 endoplasms
  A giant cockroach (D:1)
  3 goblins (D:1)
  7 hobgoblins
  2 jackals (D:2)
  3 quokkas
  7 ball pythons
  5 bats
  2 frilled lizards
  2 goblin skeletons (D:7)
  3 goblin zombies (D:7)
  2 hobgoblin zombies (D:7)
  17 kobolds
  A kobold skeleton (D:7)
  2 kobold zombies (D:7)
  3 orc skeletons (D:7)
  An orc zombie (D:7)
  5 rats
314 creatures vanquished.

Vanquished Creatures (others)
  3 fungi (Lair:1)
  31 plants
34 creatures vanquished.

Grand Total: 348 creatures vanquished

Notes
Turn   | Place    | Note
-------+----------+-------------------------------------------
     0 | D:1      | RevDB the Minotaur Fighter began the quest for the Orb.
     0 | D:1      | Reached XP level 1. HP: 19/19 MP: 0/0
   278 | D:1      | Found a faded altar of an unknown god.
   365 | D:1      | Reached XP level 2. HP: 27/27 MP: 1/1
   648 | D:1      | Reached skill level 4 in Fighting
   906 | D:2      | Reached XP level 3. HP: 26/33 MP: 2/2
  1365 | D:3      | Reached XP level 4. HP: 40/40 MP: 3/3
  1371 | D:3      | Reached skill level 5 in Maces & Flails
  1396 | D:3      | Reached XP level 5. HP: 22/46 MP: 4/4
  1834 | D:3      | Found a glowing silver altar of Zin.
  2288 | D:4      | Found a sparkling altar of Nemelex Xobeh.
  2435 | D:4      | Noticed Sigmund
  2444 | D:4      | Killed Sigmund
  2445 | D:4      | Reached skill level 5 in Fighting
  2445 | D:4      | Reached XP level 6. HP: 39/56 MP: 5/5
  2447 | D:4      | Found a snail-covered altar of Cheibriados.
  2681 | D:4      | You fall into a shaft and drop 3 floors!
  2696 | D:7      | Noticed a sky beast
  2715 | D:7      | Killed a sky beast
  2716 | D:7      | Reached skill level 5 in Armour
  2776 | D:6      | Reached XP level 7. HP: 62/62 MP: 6/6
  2829 | D:6      | Reached skill level 6 in Fighting
  2871 | D:5      | Entered Level 5 of the Dungeon
  3269 | D:5      | Found a sparkling altar of Nemelex Xobeh.
  3271 | D:5      | Found an ancient bone altar of Kikubaaqudgha.
  3271 | D:5      | Found a hazy altar of Hepliaklqana.
  3273 | D:5      | Found an ancient bone altar of Kikubaaqudgha.
  3273 | D:5      | Found a shimmering altar of Xom.
  3273 | D:5      | Found a shadowy altar of Dithmenos.
  3413 | D:5      | Reached skill level 7 in Fighting
  3425 | D:5      | Found a shadowy altar of Dithmenos.
  3505 | D:5      | Reached XP level 8. HP: 66/73 MP: 7/7
  4182 | D:6      | Noticed Pikel
  4193 | D:6      | Killed Pikel
  4366 | D:6      | Reached XP level 9. HP: 51/79 MP: 8/8
  4641 | D:6      | Found a staircase to the Ecumenical Temple.
  4647 | Temple   | Entered the Ecumenical Temple
  4799 | Temple   | Became a worshipper of Elyvilon the Healer
  4936 | D:7      | Found an ancient bone altar of Kikubaaqudgha.
  5000 | D:7      | Reached skill level 1 in Dodging
  5194 | D:7      | Found a hazy altar of Hepliaklqana.
  5369 | D:7      | Reached skill level 1 in Throwing
  5459 | D:7      | Found a sacrificial altar of Ru.
  5603 | D:7      | Noticed Maggie
  5613 | D:7      | Killed Maggie
  5614 | D:7      | Reached skill level 8 in Fighting
  5673 | D:7      | Reached * piety under Elyvilon
  5731 | D:7      | Found a glowing golden altar of the Shining One.
  5732 | D:7      | Noticed Joseph
  5776 | D:7      | Killed Joseph
  6038 | D:7      | Fell from the grace of Elyvilon
  6038 | D:7      | Became a worshipper of the Shining One
  6614 | D:8      | Identified 3 scrolls of acquirement
  6617 | D:8      | Acquired a manual of Fighting
  6620 | D:8      | Upgraded the game from 0.29-a0-925-g0a7a3d12f8 to
                  | 0.29-a0-962-gc8bbfd0a37
  6803 | D:8      | Found an ornate altar of the Wu Jian Council.
  6835 | D:8      | Found a shimmering blue altar of Sif Muna.
  6838 | D:8      | Found an iron altar of Okawaru.
  6846 | D:8      | Fell from the grace of the Shining One
  6846 | D:8      | Became a worshipper of Warmaster Okawaru
  6888 | D:8      | Reached XP level 10. HP: 76/88 MP: 9/9
  7241 | D:8      | Reached skill level 9 in Fighting
  7355 | D:9      | Reached * piety under Okawaru
  7363 | D:9      | Reached skill level 10 in Fighting
  7374 | D:9      | Reached skill level 11 in Fighting
  7527 | D:9      | Found Jeamuf's Distillery.
  7542 | D:9      | Reached skill level 12 in Fighting
  7551 | D:9      | Reached ** piety under Okawaru
  7597 | D:9      | Found a radiant altar of Vehumet.
  7657 | D:9      | Reached skill level 13 in Fighting
  7669 | D:9      | Reached skill level 14 in Fighting
  7670 | D:9      | Reached *** piety under Okawaru
  7822 | D:9      | Reached skill level 15 in Fighting
  7822 | D:9      | Reached skill level 1 in Invocations
  7828 | D:9      | Found Zuxa's General Store.
  7831 | D:9      | Found Kifuor's Specific Store.
  7868 | D:9      | Found a blossoming altar of Fedhas.
  7936 | D:10     | Entered Level 10 of the Dungeon
  7939 | D:10     | Noticed Sonja
  7948 | D:10     | Killed Sonja
  8021 | D:10     | Reached skill level 16 in Fighting
  8028 | D:10     | Reached **** piety under Okawaru
  8098 | D:10     | Found a flagged portal.
  8107 | Bailey   | Entered a bailey
  8444 | Bailey   | Received a gift from Okawaru
  8494 | Bailey   | Reached XP level 11. HP: 114/114 MP: 10/10
  8694 | Bailey   | Noticed an orc knight
  8724 | Bailey   | Killed an orc knight
  8725 | Bailey   | Reached skill level 10 in Armour
  8730 | Bailey   | Received a gift from Okawaru
  8956 | Bailey   | Identified the +9 triple sword of Vyawuum {vamp, rPois
                  | Dex+2}
  8962 | Bailey   | Acquired 827 gold pieces
  9002 | Bailey   | Acquired the amulet "Bomoeg" {Spirit rN+ Str+5}
  9299 | D:10     | Acquired a manual of Fighting
  9391 | D:10     | Found a staircase to the Lair.
  9415 | D:10     | Found Bufonus's Jewellery Emporium.
  9489 | D:10     | Upgraded the game from 0.29-a0-962-gc8bbfd0a37 to
                  | 0.29-a0-973-gac7da5f7f0
  9642 | Lair:1   | Entered Level 1 of the Lair of Beasts
  9753 | Lair:1   | Noticed a five-headed hydra
  9764 | Lair:1   | Killed a five-headed hydra
  9835 | Lair:1   | Reached skill level 5 in Throwing
  9837 | Lair:1   | Reached ***** piety under Okawaru
  9883 | Lair:1   | Noticed Grum
  9890 | Lair:1   | Reached skill level 17 in Fighting
  9895 | Lair:1   | Killed Grum
 10189 | Lair:1   | Reached skill level 18 in Fighting
 10189 | Lair:1   | Upgraded the game from 0.29-a0-973-gac7da5f7f0 to
                  | 0.29-a0-982-gaed3a0c8d8
 10545 | Lair:1   | Reached skill level 1 in Stealth
 10629 | Lair:1   | Identified the +0 pair of boots of the Spider Nest {Harm
                  | rC+} (Okawaru gifted it to you on level 1 of the Lair of
                  | Beasts)
 10629 | Lair:1   | Received a gift from Okawaru
 10968 | Lair:1   | Noticed an eight-headed hydra
 11030 | Lair:1   | Killed an eight-headed hydra
 11209 | Lair:2   | Reached XP level 12. HP: 124/127 MP: 14/14
 11490 | Lair:2   | Reached skill level 19 in Fighting
 11576 | Lair:2   | Noticed a five-headed hydra
 11581 | Lair:2   | Killed a five-headed hydra
 11582 | Lair:2   | Reached skill level 5 in Dodging
 11696 | Lair:2   | Found a runed translucent door.
 11697 | Lair:2   | Noticed JakeJacob's ghost (journeyman DrBe)
 11717 | Lair:2   | Killed JakeJacob's ghost
 11809 | Lair:2   | Gained mutation: Your body sometimes deteriorates upon
                  | taking damage. [potion of mutation]
 11810 | Lair:2   | Lost mutation: Your body sometimes deteriorates upon taking
                  | damage. [potion of mutation]
 11810 | Lair:2   | Gained mutation: You are clumsy. (Dex -2) [potion of
                  | mutation]
 11810 | Lair:2   | Gained mutation: You possess an exceptional clarity of
                  | mind. [potion of mutation]
 11811 | Lair:2   | Lost mutation: You are clumsy. (Dex -2) [potion of
                  | mutation]
 11811 | Lair:2   | Lost mutation: You possess an exceptional clarity of mind.
                  | [potion of mutation]
 11811 | Lair:2   | Gained mutation: You have sharp fingernails. [potion of
                  | mutation]
 11811 | Lair:2   | Gained mutation: You are dopey. (Int -2) [potion of
                  | mutation]
 11811 | Lair:2   | Gained mutation: You occasionally shout uncontrollably at
                  | your foes. [potion of mutation]
 11882 | Lair:2   | Reached ****** piety under Okawaru
 12322 | Lair:3   | Noticed a four-headed hydra
 12340 | Lair:3   | Killed a four-headed hydra
 12341 | Lair:3   | Reached skill level 5 in Invocations
 12343 | Lair:3   | Received a gift from Okawaru
 12351 | Lair:2   | HP: 5/130 [elephant (12)]
 12352 | Arena    | Entered the Arena
 12377 | Lair:2   | Slain by an elephant

Illustrated notes

Levels and vault maps discovered:
D:1:      ebering_trefoil_twist, layout_loops_ring,
          shapermc_ecumenical_altar_mp_urbaneastern, grunt_decor_resistance
D:2:      layout_rooms, minmay_tetromino_t4
D:3:      layout_basic, nicolae_overflow_crystal_walls, nicolae_grassy_gnolls
D:4:      layout_basic, nemelex_dance_club_becter,
          mainiacjoe_overflow_surrounded_room, uniq_sigmund
D:5:      layout_loops_ring, old_standard_altar, doesnt_xom_only_xom,
          serial_bayou_crossing
D:6:      layout_loops_ring, minmay_temple_entry_enclosed_plants, uniq_pikel
D:7:      layout_layer_cave, nicolae_tso_besieged_by_evil,
          mainiacjoe_overflow_catwalk, nicolae_ru_sacrificial_ziggurat,
          lemuel_mausoleum_altar_kikubaaqudgha, uniq_joseph, uniq_maggie
D:8:      layout_basic, grunt_temple_overflow_open, minmay_fire_ice_demons
D:9:      layout_cave_pools, marbit_many_paths,
          mainiacjoe_overflow_concentric_impassable, serial_shops, shop,
          nicolae_specific_store
D:10:     layout_roguey, lair_entry_dummy, enter_bailey_2, serial_shops, shop,
          uniq_sonja
D:11:     layout_cave_pods, orc_0_dummy, serial_shops, shop,
          vehumet_altar_wand_db
Temple:   hellmonk_temple_forest_ring
Lair:1:   layout_regular_city, serial_bayou, serial_bayou_pond_c,
          serial_bayou_lake_a, serial_bayou_shore_b, serial_bayou_pond_a,
          serial_bayou_pond_d, infiniplex_staircase_pool, uniq_grum
Lair:2:   layout_cave_pods, ebering_ghost_reflecting_pool, grunt_megastairs_2,
          serial_bayou_shore_a, serial_bayou_shore_b
Lair:3:   layout_cave_shapes, minmay_swamp_entry_worms,
          hellmonk_spider_entry_not_the_bees, portal_ice_cave_entry_imps,
          serial_bayou_pond_d, lemuel_fruit_fields

Skill      XL: |  1  2  3  4  5  6  7  8  9 10 11 12 |
---------------+-------------------------------------+-----
Fighting       | 4 5 7 8 16 18 19 | 19.0
Maces & Flails | 3 4 6 7 8 11 12 13 | 13.0
Armour         | 4 5 6 9 11 12 | 12.6
Shields        | 4 |  4.0
Dodging        | 1 3 5 |  5.0
Throwing       | 3 5 |  5.0
Invocations    | 1 4 5 |  5.0
Stealth        | 1 |  1.3

Action                   |  1- 3 |  4- 6 |  7- 9 | 10-12 || total
-------------------------+-------+-------+-------+-------++-------
Melee: Flail             |    84 |    97 |    95 |       ||   276
       Headbutt          |    11 |    14 |    51 |    94 ||   170
       Whip              |       |       |    90 |       ||    90
       Morningstar       |       |       |   146 |   474 ||   620
Throw: Dart              |       |       |       |     5 ||     5
       Stone             |       |       |       |     2 ||     2
       Javelin           |       |       |       |     1 ||     1
       Boomerang         |       |       |       |     1 ||     1
Invok: Heroism           |       |       |       |     3 ||     3
       Duel              |       |       |       |     1 ||     1
  Use: Scroll            |       |     2 |    12 |     7 ||    21
       Potion            |       |       |       |     4 ||     4
Armor: Scale mail        |    48 |     5 |       |       ||    53
       Chain mail        |       |    43 |   178 |   290 ||   511
Dodge: Dodged            |    39 |    17 |    89 |   233 ||   378
Block: Buckler           |    19 |    18 |    52 |   122 ||   211

Table legend: (Time is in decaauts)
 A = Elapsed time spent in this place.
 B = Non-inter-level travel time spent in this place.
 C = Inter-level travel time spent in this place.
 D = Time resting spent in this place.
 E = Time spent auto-exploring this place.
 F = Levels seen in this place.
 G = Mean time per level.
                   A        B        C        D        E       F      G
               +--------+--------+--------+--------+--------+-----+--------+
         Total |  12469 |  12063 |    406 |   1977 |   3609 |  17 |  733.5 |
       Dungeon |   8723 |   8367 |    356 |   1073 |   2708 |  11 |  793.0 |
        Temple |    160 |    140 |     20 |      0 |    107 |   1 |  160.0 |
          Lair |   2570 |   2540 |     30 |    399 |    794 |   3 |  856.7 |
        Bailey |    993 |    993 |      0 |    493 |      0 |   1 |  993.0 |
         Arena |     21 |     21 |      0 |     12 |      0 |   1 |   21.0 |
               +--------+--------+--------+--------+--------+-----+--------+

Top non-repeatable levels by time:
     D:7: 1655 daAuts
  Lair:1: 1354 daAuts
  Lair:2: 1197 daAuts
  Bailey: 993 daAuts
    D:10: 919 daAuts
     D:8: 891 daAuts
     D:1: 891 daAuts
     D:3: 876 daAuts
     D:6: 869 daAuts
     D:5: 856 daAuts
     D:4: 690 daAuts
     D:9: 588 daAuts
     D:2: 482 daAuts
  Temple: 160 daAuts
   Arena: 21 daAuts
